 Dungeon Crawl Stone Soup version 0.25.1-2-g60ff931df9 (webtiles) character file.

Game seed: 14149847045437449747

672 guibole the Chopper (level 7, -7/60 HPs)
             Began as a Minotaur Fighter on Nov 14, 2020.
             Mangled by Prince Ribbit (10 damage)
             ... on level 5 of the Dungeon.
             The game lasted 00:14:19 (3505 turns).

guibole the Chopper (Minotaur Fighter)              Turns: 3505, Time: 00:14:20

Health: -7/60      AC:  7    Str: 29    XL:     7   Next: 32%
Magic:  6/6        EV:  9    Int:  5    God:
Gold:   167        SH: 10    Dex:  9    Spells: 6/6 levels left

rFire    . . .     SeeInvis .   a - +0 war axe
rCold    . . .     Gourm    .   c - +0 kite shield
rNeg     . . .     Faith    .   b - +0 scale mail
rPois    .         Spirit   .   (helmet restricted)
rElec    .         Reflect  .   (no cloak)
rCorr    .         Harm     .   (no gloves)
MR       .....                  (no boots)
Stlth    +.........             (no amulet)
HPRegen  0.20/turn              h - +6 ring of strength
MPRegen  0.10/turn              j - ring of stealth

@: no status effects
A: retaliatory headbutt, horns 2
a: no special abilities


You were on level 5 of the Dungeon.
You were hungry.

You visited 1 branch of the dungeon, and saw 5 of its levels.

You collected 167 gold pieces.

Inventory:

Hand Weapons
 a - a +0 war axe (weapon)
Armour
 b - a +0 scale mail (worn)
 c - a +0 kite shield (worn)
Jewellery
 h - a +6 ring of strength (left hand)
 j - a ring of stealth (right hand)
Scrolls
 g - a scroll of immolation
 k - 4 scrolls of teleportation
 l - a scroll of magic mapping {unknown}
 m - a scroll of fog {unknown}
 n - 2 scrolls of remove curse
 q - 5 scrolls of identify {unknown}
 r - a scroll of blinking {unknown}
Potions
 e - 2 potions of mutation {unknown}
 i - 2 potions of lignification
 o - a potion of brilliance
 p - a potion of stabbing {unknown}
 s - a potion of ambrosia {unknown}
 t - a potion of degeneration {unknown}
Comestibles
 f - 10 rations


   Skills:
 + Level 4.9 Fighting
 + Level 6.6 Axes
 + Level 5.4 Armour
 + Level 2.2 Dodging
 + Level 0.4 Stealth
 + Level 5.4 Shields


You had 6 spell levels left.
You didn't know any spells.
Your spell library was empty.

Dungeon Overview and Level Annotations

Branches:
Dungeon (5/15)             Temple (0/1) D:4

Altars:
Nemelex Xobeh
Uskayaw

Shops:
D:4 (

Annotations:
D:3 1 runed translucent door, Crazy Yiuf
D:5 Prince Ribbit


Innate Abilities, Weirdness & Mutations

You reflexively headbutt those who attack you in melee.
You have a pair of horns on your head.


Message History

Prince Ribbit barely misses you.
Found a stone staircase leading down.
You miss Prince Ribbit.
Prince Ribbit blinks!
Prince Ribbit hits you. You block Prince Ribbit's attack.
You closely miss Prince Ribbit. Your headbutt misses Prince Ribbit.
Prince Ribbit hits you!
* * * LOW HITPOINT WARNING * * *
Your shield prevents you from hitting Prince Ribbit.
Prince Ribbit hits you!
* * * LOW HITPOINT WARNING * * *
You block Prince Ribbit's attack.
You barely miss Prince Ribbit. Your headbutt misses Prince Ribbit.
Prince Ribbit hits you but does no damage.
Prince Ribbit barely misses you.
You barely miss Prince Ribbit. Your headbutt misses Prince Ribbit.
You block Prince Ribbit's attack.
You slash Prince Ribbit! You headbutt Prince Ribbit!
Prince Ribbit is heavily wounded.
Prince Ribbit hits you!
You die...

#########
#.......#
#<......###
#.........###
###...>.....#
#.#.#...#..
#####..........
#@...⌠.÷....#.
#F##.._.....#..
...###⌠.⌠.....#
#..###
##.#.#.....
...# #........#
.... .......#..
..# ........# #
>. ######.....
..#...


You could see Prince Ribbit.

Vanquished Creatures
  A phantom (D:4)
  An ogre (D:4)
  A scorpion (D:4)
  2 howler monkeys
  2 hounds
  An iguana (D:4)
  3 worker ants (D:4)
  Robin (D:2)
  3 gnolls (D:3)
  5 adders
  An ooze (D:2)
  6 dart slugs
  4 leopard geckos
  9 orcs
  7 bats
  9 giant cockroaches
  20 goblins
  8 hobgoblins
  7 jackals
  4 kobolds
  3 quokkas
  2 frilled lizards
  2 jackal skeletons (D:4)
  A quokka skeleton (D:4)
  10 rats
  2 bushes (D:1)
  3 plants (D:1)
118 creatures vanquished.

Notes
Turn   | Place    | Note
-------+----------+-------------------------------------------
     0 | D:1      | guibole the Minotaur Fighter began the quest for the Orb.
     0 | D:1      | Reached XP level 1. HP: 19/19 MP: 0/0
   127 | D:1      | Reached XP level 2. HP: 27/27 MP: 1/1
   761 | D:1      | Reached skill level 3 in Axes
  1145 | D:2      | Reached XP level 3. HP: 33/33 MP: 2/2
  1204 | D:2      | Reached XP level 4. HP: 25/40 MP: 3/3
  1431 | D:2      | Reached skill level 4 in Axes
  1596 | D:2      | Noticed Robin
  1601 | D:2      | Killed Robin
  1607 | D:2      | Reached XP level 5. HP: 46/46 MP: 4/4
  2241 | D:3      | Reached skill level 1 in Dodging
  2245 | D:3      | Reached skill level 5 in Axes
  2565 | D:3      | Found a runed translucent door.
  2566 | D:3      | Noticed Crazy Yiuf
  2666 | D:4      | Found a staircase to the Ecumenical Temple.
  2666 | D:4      | Noticed a phantom
  2671 | D:4      | Reached XP level 6. HP: 53/53 MP: 5/5
  2703 | D:4      | Reached skill level 6 in Axes
  2703 | D:4      | Reached skill level 5 in Armour
  2703 | D:4      | Reached skill level 5 in Shields
  2763 | D:4      | Reached XP level 7. HP: 43/60 MP: 6/6
  3023 | D:4      | Found Cexzoar's Antique Weapon Shoppe.
  3123 | D:4      | Found a hide-covered altar of Uskayaw.
  3236 | D:5      | Entered Level 5 of the Dungeon
  3239 | D:5      | Found a sparkling altar of Nemelex Xobeh.
  3239 | D:5      | Noticed Prince Ribbit
  3502 | D:5      | HP: 2/60 [Prince Ribbit (10)]
  3505 | D:5      | Mangled by Prince Ribbit

Illustrated notes

Levels and vault maps discovered:
D:1:      dpeg_arrival_stone_temple_mockup, layout_basic, serial_forest,
          infiniplex_forest_clump_large, infiniplex_forest_fountain,
          infiniplex_forest_lined_corner, infiniplex_forest_clump_curved,
          infiniplex_forest_lined_3, infiniplex_forest_straight_4,
          infiniplex_forest_lined_4_way, infiniplex_forest_lined_4_way
D:2:      layout_loops_ring, minmay_goblin_outpost, uniq_robin
D:3:      layout_rooms, uniq_crazy_yiuf_cottage
D:4:      layout_rooms, old_standard_altar, minmay_temple_entry_stoned_glass,
          first_ration, serial_shops, kennysheep_mini
D:5:      layout_rooms, lemuel_crystal_altar, nemelex_xobeh_ov_fountains_minmay,
          dk_vineyard_2, kennysheep_generic_room_2, uniq_prince_ribbit1,
          uniq_sigmund, uniq_duvessa

Skill      XL: |  1  2  3  4  5  6 |
---------------+-------------------+-----
Armour         | 4 5 |  5.4
Axes           | 3 4 5 6 |  6.6
Fighting       | 4 |  4.9
Shields        | 4 5 |  5.4
Dodging        | 1 2 |  2.2
Stealth        | |  0.4

Action                   |  1- 3 |  4- 6 |  7- 9 || total
-------------------------+-------+-------+-------++-------
Melee: War axe           |   154 |   132 |    45 ||   331
       Headbutt          |    56 |    15 |     5 ||    76
  Use: Potion            |       |     3 |     2 ||     5
       Scroll            |       |       |     3 ||     3
  Eat: Chunk             |     1 |     2 |     2 ||     5
       Ration            |       |     1 |       ||     1
Armor: Scale mail        |    34 |    51 |    14 ||    99
Dodge: Dodged            |    30 |    41 |    10 ||    81
Block: Kite shield       |    47 |    79 |    25 ||   151
